 Dungeon Crawl Stone Soup version 0.28.0-49-g6dfe1f597d (webtiles) character file.

Game seed: 11333981124045076738

68 CryoSword the Firebug (level 3, -8/26 HPs)
             Began as a Demigod Fire Elementalist on May 16, 2022.
             Mangled by a gnoll
             ... wielding a +0 halberd
              (13 damage)
             ... on level 2 of the Dungeon.
             The game lasted 00:02:12 (2465 turns).

CryoSword the Firebug (Demigod Fire Elementalist)   Turns: 2465, Time: 00:02:12

Health: -8/26      AC:  2    Str:  9    XL:     3   Next: 73%
Magic:  2/8        EV: 12    Int: 21    God:
Gold:   69         SH:  0    Dex: 14    Spells: 3/6 levels left

rFire   . . .      SeeInvis .   c - +0 short sword
rCold   . . .      Faith    .   (no shield)
rNeg    . . .      Spirit   .   a - +0 robe
rPois   .          Reflect  .   (no helmet)
rElec   .          Harm     .   (no cloak)
rCorr   .          Rampage  .   (no gloves)
Will    .....                   (no boots)
Stlth   ++........              (no amulet)
HPRegen 0.08/turn               (no ring)
MPRegen 0.11/turn               (no ring)

@: very slightly contaminated
A: high MP 1, forlorn, divine attributes
a: no special abilities


You were on level 2 of the Dungeon.
You visited 1 branch of the dungeon, and saw 2 of its levels.

You collected 69 gold pieces.

Inventory:

Hand Weapons
 c - a +0 short sword (weapon)
   (You found it on level 1 of the Dungeon)
Missiles
 k - 4 poisoned darts
Armour
 a - a +0 robe (worn)
 l - a +1 pair of gloves
   (You found it on level 2 of the Dungeon)
Scrolls
 b - 3 scrolls of enchant weapon {unknown}
 d - 3 scrolls of identify {unknown}
 e - a scroll of blinking {unknown}
 g - a scroll of immolation {unknown}
 h - a scroll of teleportation {unknown}
Potions
 f - 3 potions of heal wounds {unknown}
 i - 2 potions of resistance {unknown}
 j - a potion of brilliance {unknown}
 m - a potion of experience {unknown}


   Skills:
 - Level 2.0 Dodging
 - Level 2.0 Stealth
 - Level 2.0 Spellcasting
 + Level 2.3 Conjurations
 + Level 3.5 Fire Magic


You had 3 spell levels left.
You knew the following spells:

 Your Spells              Type           Power      Damage    Failure   Level
a - Foxfire               Conj/Fire      56%        2x1d6     4%          1
b - Scorch                Fire           32%        2d6       5%          2

Your spell library contained the following spells:

 Spells                   Type           Power      Damage    Failure   Level
 Conjure Flame            Conj/Fire      14%        6-21      14%         3
 Inner Flame              Hex/Fire       9%         N/A       22%         3
 Flame Wave               Conj/Fire      14%        2d6       41%         4


Dungeon Overview and Level Annotations

Branches:
Dungeon (2/15)


Innate Abilities, Weirdness & Mutations

You have an increased reservoir of magic. (+10% MP)
You shall have no god before yourself.
Your divine heritage dramatically boosts your attributes as you level up.


Message History

You kill the hobgoblin!
Training target 2.0 for Dodging reached!
Your Dodging skill increases to level 2!
There is a stone staircase leading up here.
You climb upwards.
There is a stone staircase leading down here.
You start resting.
You start resting.
You climb downwards.
There is a stone staircase leading up here.
A giant cockroach comes into view.
The giant cockroach moves out of view.
j - a blue potion A giant cockroach is nearby!
A giant cockroach is nearby!
A giant cockroach is nearby!
You conjure some foxfire!
You conjure some foxfire!
The foxfire hits the giant cockroach.
The foxfire hits the giant cockroach but does no damage.
Flames lash the giant cockroach but do no damage.
The foxfire hits the giant cockroach but does no damage.
The foxfire hits the giant cockroach.
You kill the giant cockroach!
You now have 64 gold pieces (gained 9).
A rat comes into view.
A rat is nearby!
A rat is nearby!
A rat is nearby!
An endoplasm comes into view.
The endoplasm quivers.
Flames lash the endoplasm.
The endoplasm's fire resistance burns away.
Flames lash the rat.
You kill the rat!
Training target 2.0 for Stealth reached!
Your Stealth skill increases to level 2!
Flames lash the endoplasm.
The endoplasm is burned terribly!
You kill the endoplasm!
Nothing appears to happen.
Found 18 arrows.
A frilled lizard comes into view.
A frilled lizard is nearby!
A frilled lizard is nearby!
Found 4 poisoned darts.
You conjure some foxfire!
You conjure some foxfire!
You conjure some foxfire!
The foxfire hits the frilled lizard.
You kill the frilled lizard!
A goblin comes into view. It is wielding a +0 club.
Found 5 gold pieces and a pair of glowing gloves.
A goblin is nearby!
A goblin is nearby!
A goblin is nearby!
Flames lash the goblin.
You kill the goblin!
A goblin comes into view. It is wielding a +0 dagger.
A goblin is nearby!
A goblin is nearby!
You see here 4 poisoned darts.
Flames lash the goblin.
You kill the goblin!
A worm comes into view.
Training target 2.0 for Spellcasting reached!
Your Spellcasting skill increases to level 2!
Your Conjurations skill increases to level 2!
A worm is nearby!
Flames lash the worm.
The worm's fire resistance burns away.
Flames lash the worm.
The worm is burned terribly!
The worm is no longer more vulnerable to fire.
You conjure some foxfire!
The foxfire hits the worm. x2
You conjure some foxfire!
The foxfire hits the worm. x2
You kill the worm!
k - 4 poisoned darts You now have 69 gold pieces (gained 5).
Found a fizzy grey potion.
l - a +1 pair of gloves
Items here: )) ††.
m - a fizzy grey potion
Found a stone staircase leading up.
A ball python comes into view.
A ball python is nearby!
A ball python is nearby!
The ball python hisses angrily.
The ball python closely misses you. The ball python barely misses you.
Flames lash the ball python.
You kill the ball python!
You see here a ball python corpse.
Found a stone staircase leading down.
A gnoll comes into view. It is wielding a +0 whip.
A gnoll is nearby!
A gnoll is nearby!
A gnoll comes into view. It is wielding a +0 halberd.
A gnoll comes into view. It is wielding a +0 spear.
Found 22 arrows.
The gnoll shouts!
You hear a shout!
A gnoll comes into view. It is wielding a +0 halberd.
The gnoll shouts!
You conjure some foxfire!
The gnoll completely misses you.
You conjure some foxfire!
The foxfire hits the gnoll.
The foxfire hits the gnoll but does no damage.
The gnoll barely misses you.
Flames lash the gnoll.
The gnoll's fire resistance burns away.
The foxfire hits the gnoll. x2; The gnoll barely misses you.
The gnoll hits you from afar with a +0 spear.
Found 22 sling bullets.
The gnoll is no longer more vulnerable to fire.
You conjure some foxfire!
You conjure some foxfire!
The foxfire hits the gnoll. x2
You kill the gnoll!
You conjure some foxfire!
The foxfire hits the gnoll but does no damage.
The foxfire hits the gnoll.
The gnoll closely misses you. x2
You conjure some foxfire!
The foxfire hits the gnoll. x2
You kill the gnoll!
The gnoll misses you. The gnoll barely misses you.
You conjure some foxfire!
The foxfire hits the gnoll. x2
The gnoll hits you from afar with a +0 halberd!
Ouch! That really hurt!
* * * LOW HITPOINT WARNING * * *
The gnoll closely misses you.
The foxfire hits the gnoll. x2
The gnoll misses you.
There is a stone staircase leading up here.
The gnoll hits you from afar with a +0 halberd.
* * * LOW HITPOINT WARNING * * *
You climb upwards.
There is a stone staircase leading down here.
You start resting.
You start resting.
You climb downwards.
There is a stone staircase leading up, spattered with blood here.
Flames lash the gnoll.
The gnoll's fire resistance burns away.
The gnoll barely misses you.
Flames lash the gnoll.
The gnoll's fire resistance burns away.
The gnoll misses you. The gnoll barely misses you.
You miscast Scorch.
You are very lightly contaminated with residual magic.
Nothing appears to happen.
The gnoll hits you from afar with a +0 halberd!
Ouch! That really hurt!
* * * LOW HITPOINT WARNING * * *
The gnoll misses you.
The gnoll is no longer more vulnerable to fire.
The gnoll hits you from afar with a +0 halberd.
* * * LOW HITPOINT WARNING * * *
The gnoll hits you from afar with a +0 halberd!
Ouch! That really hurt!
You die...

#.#..........
#.#..........
#.#..........
#.#..........
#.########### #.#
........ #.#
........ ######.#
........ #@.g...#
######## ###g####
###.##
#....#############
#.#..g........#...
#...###g###...#...
#..##.....##.....†
#..#..#.#..#......
#....#.#.#........


You could see 2 gnolls.

Vanquished Creatures
  2 gnolls (D:2)
  An adder (D:2)
  A worm (D:2)
  5 ball pythons
  3 endoplasms
  4 giant cockroaches
  6 goblins
  2 hobgoblins
  A kobold (D:1)
  3 bats (D:1)
  5 frilled lizards
  4 rats
37 creatures vanquished.

Vanquished Creatures (others)
  95 foxfires
95 creatures vanquished.

Grand Total: 132 creatures vanquished

Notes
Turn   | Place    | Note
-------+----------+-------------------------------------------
     0 | D:1      | CryoSword the Demigod Fire Elementalist began the quest for
                  | the Orb.
     0 | D:1      | Reached XP level 1. HP: 14/14 MP: 5/5
   110 | D:1      | Reached skill level 1 in Conjurations
   350 | D:1      | Reached skill level 3 in Fire Magic
   546 | D:1      | Reached XP level 2. HP: 16/20 MP: 5/7
   617 | D:1      | Learned a level 2 spell: Scorch
  1676 | D:2      | Reached XP level 3. HP: 15/26 MP: 2/8
  2465 | D:2      | Mangled by a gnoll

Illustrated notes

Levels and vault maps discovered:
D:1:      dpeg_arrival_orchard, layout_basic, interstate_on_off
D:2:      layout_basic, shapermc_ecumenical_altar_ellora, minmay_box_of_dots,
          uniq_sigmund

Skill      XL: |  1  2  3 |
---------------+----------+-----
Conjurations   | 1 2 |  2.3
Fire Magic     | 3 |  3.5
Dodging        | 2 |  2.0
Stealth        | 2 |  2.0
Spellcasting   | 2 |  2.0

Action                   || total
-------------------------++-------
Melee: Unarmed           ||     7
       Short sword       ||     4
       Punch             ||     1
 Cast: Foxfire           ||    52
       Scorch            ||    26
 Stab: Sleeping          ||     1
Armor: Robe              ||     6
Dodge: Dodged            ||    30
